Map: Prion Terraces

Players

lesha - Winner!

  • Race: Terran Terran
  • League: Gold

ooSEVEN

  • Race: Terran Terran
  • League: Silver

VOD

Have the link to the VOD?

Description

Time

  • Played on: Jan. 9, 2016, 3:56 a.m.
  • Length: 14:33
Show
View Real Time Build Order
Export as new Build Order

lesha Terran - Winner!

Build Orders: Reaper Expand, MMM Bio 

Get SALT Encoding   

  12  0:11  SCV  
  13  0:19  Supply Depot  
  13  0:23  SCV  
  14  0:35  SCV  
  15  0:42  Barracks  
  15  0:45  Refinery  
  15  0:47  SCV  
  16  0:59  SCV  
  17  1:11  SCV  
  19  1:28  Orbital Command  
  18  1:33  Reaper  
  19  1:41  Command Center  
  19  1:54  Supply Depot  
  19  1:55  SCV  
  20  2:07  SCV  
  20  2:08  Barracks  
  21  2:18  Barracks Reactor  
  21  2:23  SCV  
  21  2:28  Factory  
  22  2:36  SCV  
  23  3:01  Barracks Reactor, Marine x2  
  25  3:07  Orbital Command  
  25  3:08  SCV  
  25  3:12  Refinery  
  26  3:15  Factory Tech Lab  
  26  3:20  SCV  
  26  3:21  Supply Depot  
  27  3:29  Marine  
  27  3:30  Marine  
  27  3:32  SCV  
  31  3:34  SCV  
  31  3:44  SCV  
  31  3:46  SCV, Starport  
  33  3:52  Marine x3  
  33  3:53  Marine  
  37  3:57  SCV  
  37  3:59  SCV  
  39  4:11  Engineering Bay, Barracks  
  39  4:12  SCV x2  
  39  4:14  Marine x3  
  44  4:17  Marine  
  45  4:24  Starport Reactor  
  45  4:26  Siege Tank  
  45  4:28  SCV x2  
  50  4:33  Marine x3  
  53  4:45  Marine  
  54  4:46  Missile Turret  
  56  4:52  SCV x2  
  56  4:54  Marine  
  56  4:55  Supply Depot x2  
  52  5:10  Missile Turret  
  52  5:15  Missile Turret  
  52  5:21  Marine x4  
  52  5:23  Medivac x2  
  52  5:26  Barracks Tech Lab  
  58  5:37  SCV x2  
  60  5:44  Marine x2  
  60  5:49  SCV  
  63  5:52  Viking, Missile Turret  
  65  5:57  Refinery  
  65  5:58  Refinery  
  65  6:03  Missile Turret  
  65  6:04  SCV  
  66  6:17  Marine  
  66  6:18  Marine x3  
  70  6:19  SCV x2  
  72  6:32  Stimpack  
  72  6:33  Terran Infantry Weapons Level 1  
  72  6:43  SCV x2  
  74  6:55  SCV  
  74  6:56  SCV  
  64  7:05  Marine x4  
  64  7:07  Medivac x2  
  64  7:09  Siege Tank, Marauder  
  69  7:24  Command Center  
  69  7:34  Engineering Bay  
  69  7:39  SCV x2  
  69  7:40  Armory, Marine  
  69  7:41  Marine x3  
  75  7:50  Marine  
  75  7:51  Barracks  
  76  7:52  Barracks  
  76  8:06  Marine  
  76  8:07  Marine  
  78  8:13  Marine x2  
  78  8:15  Supply Depot  
  78  8:17  Supply Depot  
  78  8:18  Supply Depot  
  80  8:20  Marine  
  80  8:21  Medivac x2  
  80  8:25  SCV  
  80  8:26  SCV  
  87  8:36  Orbital Command  
  87  8:53  Marine x4  
  87  8:54  Barracks Tech Lab  
  91  8:56  Barracks Reactor  
  91  8:59  Terran Infantry Weapons Level 2  
  91  9:03  Terran Infantry Armor Level 1  
  91  9:11  Combat Shields  
  91  9:13  Marine x3  
  91  9:14  Marine  
  95  9:22  Supply Depot  
  95  9:23  Marauder  
  97  9:26  Supply Depot  
  97  9:36  Marine x6  
  103  9:40  Medivac x2  
  103  9:42  Marauder  
  109  9:46  Siege Tank  
  112  9:54  Marine x2  
  112  9:55  Marine x4  
  112  9:57  Marine  
  119  10:08  Marine  
  119  10:12  Marine x3  
  119  10:13  Marine  
  124  10:14  Marine  
  124  10:15  Marine x2  
  124  10:18  Siege Tank  
  130  10:26  SCV x3  
  133  10:30  Command Center  
  105  11:20  Marine x6  
  105  11:21  Marine x2  
  91  11:36  Medivac x2  
  91  11:38  Marine x7  
  91  11:39  Marine  
  100  11:40  SCV x3  
  96  11:52  SCV x2  
  98  11:55  Marine  
  98  11:58  Marine x5  
  104  12:10  Marine x2  
  104  12:11  Medivac x2  
  104  12:13  Siege Tank, Marine  
  114  12:15  Marine  
  114  12:16  Marine x4  
  112  12:27  Marine  
  112  12:28  Marine  
  111  12:31  SCV x2, Marine  
  111  12:32  SCV x2  
  111  12:33  Marine x3  
  119  12:43  SCV x2  
  121  12:45  Siege Tank  
  124  12:56  Marine  
  124  12:57  Marine x7  
  132  12:59  Medivac  
  132  13:00  Medivac  
  134  13:14  Marine x2  
  134  13:15  Marine x4  
  134  13:17  Siege Tank  
  143  13:32  Marine x3  
  143  13:33  Marine x5  
  151  13:34  SCV  
  151  13:35  SCV x3  
  155  13:46  SCV  
  155  13:47  SCV x3  
  159  13:49  Siege Tank, Medivac  
  164  14:02  Supply Depot  
  164  14:03  Supply Depot  
  164  14:04  Supply Depot  
  164  14:20  Command Center  
  164  14:25  Supply Depot  
  164  14:26  Supply Depot  
  164  14:28  Supply Depot  
  175  14:31  Command Center  
Show
View Real Time Build Order
Export as new Build Order

ooSEVEN Terran 

Build Orders: 1/1/1, Liberator Opening 

Get SALT Encoding   

  12  0:01  SCV  
  13  0:13  SCV  
  14  0:18  Supply Depot  
  14  0:25  SCV  
  15  0:29  Refinery  
  15  0:40  SCV  
  16  0:44  Barracks  
  16  0:58  Refinery  
  16  0:59  SCV  
  17  1:05  Supply Depot  
  17  1:11  SCV  
  18  1:23  SCV  
  19  1:32  Reaper  
  20  1:40  Factory  
  20  1:41  SCV  
  21  1:53  SCV  
  22  2:05  Barracks Reactor, SCV  
  23  2:17  Engineering Bay  
  23  2:18  SCV  
  24  2:22  Widow Mine  
  24  2:25  Starport  
  26  2:30  SCV  
  27  2:54  Marine  
  27  3:02  Widow Mine  
  29  3:07  SCV, Marine  
  31  3:15  Supply Depot  
  31  3:19  Liberator  
  31  3:38  Marine x2  
  36  3:46  Command Center  
  36  3:48  Barracks  
  36  3:49  Missile Turret  
  36  3:55  Supply Depot  
  36  3:59  SCV  
  37  4:03  Marine x2  
  39  4:11  Factory Tech Lab  
  40  4:18  Supply Depot  
  40  4:21  Marine x2  
  41  4:25  Orbital Command  
  41  4:27  Starport Reactor  
  41  4:39  Marine  
  41  4:43  Barracks Tech Lab  
  42  4:55  SCV  
  42  4:57  Marine x2  
  45  5:07  SCV  
  46  5:15  Marine x2  
  46  5:19  SCV  
  49  5:22  SCV, Marine  
  51  5:31  SCV  
  51  5:33  Marine x2  
  54  5:40  Marauder  
  56  5:45  Siege Tank  
  56  5:49  Viking  
  61  5:50  Marine  
  61  5:51  Marine  
  63  6:00  Planetary Fortress  
  63  6:02  Marauder  
  65  6:05  SCV  
  65  6:06  Missile Turret  
  65  6:08  Marine x2  
  68  6:22  Marine  
  69  6:38  SCV  
  70  6:46  Refinery  
  70  6:48  Refinery  
  70  6:54  Medivac, Viking, Marine x2  
  70  6:55  Marauder  
  72  7:16  Marauder  
  72  7:17  Missile Turret  
  72  7:19  Stimpack  
  74  7:24  Medivac  
  76  7:35  SCV, Marine  
  78  7:42  Command Center, Supply Depot  
  78  7:46  Missile Turret  
  78  7:53  Barracks  
  78  8:03  SCV x2, Marine x2  
  78  8:04  Marauder  
  78  8:05  Supply Depot x2  
  84  8:15  SCV x2  
  86  8:26  Marauder  
  88  8:28  SCV x2, Supply Depot  
  88  8:32  Siege Tank, Barracks  
  93  8:34  Barracks  
  93  8:40  SCV x2, Bunker  
  95  8:46  Medivac  
  97  8:55  Missile Turret  
  97  8:58  Barracks Tech Lab  
  97  9:01  Marine x2  
  97  9:02  Missile Turret  
  99  9:14  Missile Turret  
  99  9:15  SCV  
  99  9:16  SCV  
  101  9:17  Marine  
  101  9:18  Marine, Marauder  
  101  9:19  Combat Shields, Marine x2  
  108  9:31  Planetary Fortress  
  108  9:33  SCV  
  108  9:36  Marauder  
  108  9:37  Marine  
  111  9:39  Marauder  
  111  9:40  Missile Turret  
  111  9:43  Marine x3  
  116  9:48  Barracks  
  116  9:53  SCV, Refinery  
  116  9:54  Marine  
  116  9:57  Marauder  
  120  10:01  Marauder  
  122  10:12  Supply Depot  
  122  10:14  Command Center  
  122  10:18  SCV x3  
  125  10:23  Supply Depot  
  125  10:33  SCV x2, Marine x3  
  125  10:34  Marauder  
  125  10:35  Supply Depot  
  132  10:45  Marauder  
  132  10:48  Missile Turret  
  134  10:52  Barracks Reactor, Barracks Tech Lab x2  
  134  10:54  Concussive Shells  
  134  10:55  Marauder  
  136  10:57  Terran Infantry Weapons Level 1  
  136  11:03  Engineering Bay  
  136  11:06  Marauder  
  89  11:22  Marauder x2, Marine x3  
  83  11:27  Marauder  
  83  11:30  Supply Depot  
  73  11:40  Marauder  
  72  11:47  Marine x2  
  72  11:48  Marauder x2, Marine x2  
  72  11:49  Marauder  
  72  11:55  Orbital Command  
  72  12:02  Marauder  
  72  12:05  Marine x4  
  78  12:09  Marauder x2  
  78  12:10  Marauder  
  65  12:22  Marine  
  65  12:23  Marine x4  
  45  12:31  Marauder x2  
  45  12:36  Marine  
  49  12:41  Marauder, Marine x4  
  41  12:52  Marauder x2  
  41  12:54  Marauder  
  45  12:59  Marine x2  
  45  13:02  Marauder  
  20  13:53  Orbital Command  
  20  14:02  Marine x4  
Tags
 
Add a new tag
Caveats
  • Supply blocks, unpowered buildings, or Contaminate may cause inaccurate times.
  • Supply counts are checked every 10 seconds.